[Event "*** SCC Grand Prix: Titled Tuesday Blitz"]
[Site "Chess.com"]
[Date "2020.07.14"]
[Round "9"]
[White "MashaFromRussia"]
[Black "Chessbard1972"]
[Result "1-0"]
[WhiteElo "2420"]
[BlackElo "2247"]
[TimeControl "180+1"]
[EndTime "11:47:37 PDT"]
[Termination "MashaFromRussia won by checkmate"]

1. d4 Nf6 2. c4 g6 3. Nf3 Bg7 4. g3 d5 5. cxd5 Nxd5 6. Bg2 O-O 7. O-O Nc6 8. e4 Nb6 9. d5 Na5 10. Nc3 c6 11. Re1 e6 12. d6 e5 13. b3 h6 14.
Ba3 Bd7 15. Qd3 Rc8 16. Bc5 f5 17. exf5 Bxf5 18. Qd2 Nd7 19. Be3 Kh7 20. Nh4 b6 21. Rad1 Nb7 22. Nxf5 gxf5 23. f4 e4 24. g4 fxg4 25. Nxe4 Nbc5 26. Nxc5 bxc5 27. Qc2+ Kh8 28.
Qg6 Rf6 29. Qxg4 Rb8 30. Bf2 Qc8 31. Re7 Qf8 32. Qxd7 Rd8 33. Qh3 Rxf4 34. Bxc5 Qf6 35. Rde1 Rf8 36. Re8 Qg5 37. Rxf8+ Rxf8 38. Be3 Qf6 39.
d7 a5 40. Rf1 Qe7 41. Bxh6 Qc5+ 42. Be3+ Kg8 43. Bxc5 Rxf1+ 44. Bxf1 Kf7 45. d8=Q Bd4+ 46. Bxd4 Kg6 47. Qe6+ Kh5 48. Qdg8 Kh4 49. Qeg4# 1-0

[Event "*** SCC Grand Prix: Titled Tuesday Blitz"]
[Site "Chess.com"]
[Date "2020.07.14"]
[Round "9"]
[White "Sibelephant"]
[Black "VerdeNotte"]
[Result "1-0"]
[WhiteElo "3120"]
[BlackElo "2800"]
[TimeControl "180+1"]
[EndTime "11:47:38 PDT"]
[Termination "Sibelephant won by resignation"]

1. Nf3 Nf6 2. g3 g6 3. b3 Bg7 4. Bb2 O-O 5. Bg2 d6 6. d4 c5 7. c4 Ne4 8. O-O Nc6 9. h3 Rb8 10. e3 Bd7 11. Nbd2 Nf6 12. d5 Na5 13. a4 a6 14. Bc3 e6 15. dxe6 Bxe6 16. Qc2 Nc6 17. Qb2 Re8 18. a5 d5 19. Rfd1 Qe7 20. cxd5 Bxd5 21.
Nc4 Rbd8 22. Ne1 Bxg2 23. Nxg2 Nh5 24. Bxg7 Nxg7 25. Nf4 Nb4 26. Nb6 Qe4 27. Qc3 Qc2 28. Qxc2 Nxc2 29. Rxd8 Rxd8 30. Rc1 g5 31. Rxc2 gxf4 32.
gxf4 Ne6 33. f5 Ng5 34. Kg2 h5 35. f3 Rd3 36. h4 Nh7 37. Kf2 Rxb3 38. Rxc5 Ra3 39.
e4 Kg7 40. e5 Nf8 41. Rc7 Rxa5 42. e6 Rxf5 43. e7 Re5 44. exf8=Q+ Kxf8 45. Nd7+ 1-0

[Event "*** SCC Grand Prix: Titled Tuesday Blitz"]
[Site "Chess.com"]
[Date "2020.07.14"]
[Round "9"]
[White "frederiksvane"]
[Black "GM_Levan_Pantsulaia"]
[Result "0-1"]
[WhiteElo "2698"]
[BlackElo "2834"]
[TimeControl "180+1"]
[EndTime "11:47:38 PDT"]
[Termination "GM_Levan_Pantsulaia won by resignation"]

1. e4 c5 2. Nc3 e6 3. Nf3 a6 4. d4 cxd4 5. Nxd4 b5 6. Bd3 Bb7 7. O-O Nc6 8. Nxc6 Bxc6 9. Re1 Bc5 10. Nd5 Ne7 11. b4 Bxd5 12. bxc5 Bc6 13. Bf4 O-O 14.
Bd6 Ng6 15. e5 Qg5 16. g3 f6 17. Bxf8 Rxf8 18. exf6 Rxf6 19. Be4 Qxc5 20. Bxc6 Rxf2 21.
Bg2 Rd2+ 22. Kh1 Rxd1 23. Raxd1 Ne5 24. Rd2 Qc3 25. Rde2 Nc4 26. Rf1 h6 27. Ref2 Nd2 28. Rd1 Nc4 29. Rxd7 Qe3 30. Rdf7 Nd6 31. Rf8+ Kh7 32.
R8f3 Qc1+ 33. Rf1 Qxc2 34. h3 Nf5 35. Kh2 Qc7 36. Kh1 Nxg3+ 37. Rxg3 Qxg3 38. Be4+ Kg8 39.
Rf3 Qe1+ 40. Kh2 Qxe4 41. Rf2 a5 42. Rg2 a4 43. Rf2 b4 44. h4 Qxh4+ 45. Kg2 Qxf2+ 46. Kxf2 b3 47. axb3 0-1

[Event "*** SCC Grand Prix: Titled Tuesday Blitz"]
[Site "Chess.com"]
[Date "2020.07.14"]
[Round "9"]
[White "CzechmVIII"]
[Black "ErikRonka"]
[Result "0-1"]
[WhiteElo "2196"]
[BlackElo "2357"]
[TimeControl "180+1"]
[EndTime "11:47:38 PDT"]
[Termination "ErikRonka won by resignation"]

1. e4 e5 2. Nf3 Nf6 3. Nxe5 Nxe4 4. Qe2 Qe7 5. Qxe4 d6 6. d4 dxe5 7. dxe5 Nc6 8. Nc3 Qxe5 9. Qxe5+ Nxe5 10. Bf4 Bd6 11.
Bg3 Bf5 12. Nb5 O-O-O 13. Nxd6+ Rxd6 14. Bxe5 Re8 15. f4 f6 16. Bb5 c6 17. O-O fxe5 18.
fxe5 Rxe5 19. Ba4 Bg6 20. Rfe1 Rde6 21. Rxe5 Rxe5 22. Kf2 Kc7 23. Re1 Rxe1 24. Kxe1 Kd6 25. Kd2 Ke5 26. Bb3 b5 27. Ke3 c5 28. Bg8 Bxc2 29. a3 h6 30. g3 g5 31. Bf7 Bf5 32.
Be8 a6 33. Bc6 b4 34. axb4 cxb4 35. h4 a5 36. hxg5 hxg5 37. Bb5 Be6 38. Be8 Bb3 39. Bd7 a4 40. Kd3 a3 41. bxa3 bxa3 42. Kc3 a2 43.
Kb2 Be6 44. Bb5 Kf5 45. Be2 Ke4 46. Bd1 Ke3 47. Bh5 Kf2 48. g4 Kg3 49. Ka1 Bxg4 50. Bxg4 Kxg4 51. Kxa2 Kf3 52. Kb3 g4 53. Kc4 g3 54. Kd5 g2 55. Ke6 g1=Q 56. Kf6 Qe1 57. Kf7 Qe5 58. Kf8 Qc7 0-1

[Event "*** SCC Grand Prix: Titled Tuesday Blitz"]
[Site "Chess.com"]
[Date "2020.07.14"]
[Round "9"]
[White "VMikhalevski"]
[Black "viditchess"]
[Result "1-0"]
[WhiteElo "2806"]
[BlackElo "2978"]
[TimeControl "180+1"]
[EndTime "11:47:39 PDT"]
[Termination "VMikhalevski won by resignation"]

1. d4 Nf6 2. Nf3 d5 3. c4 e6 4. g3 Bb4+ 5. Bd2 Be7 6. Bg2 O-O 7. O-O Nbd7 8. Qc2 c6 9. Rd1 a5 10. Bf4 a4 11. Nbd2 Nh5 12. Be3 f5 13. Rac1 Bd6 14. Nf1 Qe7 15. Bg5 Qe8 16. e3 h6 17. Bf4 Be7 18.
Ne5 Ndf6 19. Nd3 g5 20. Be5 Nd7 21. Bc7 Nhf6 22. Nd2 Ne4 23. Nf3 Nd6 24. Nfe5 Nf6 25. b3 axb3 26. axb3 Bd7 27. Ra1 Rxa1 28. Rxa1 Qc8 29.
Bb6 Nfe4 30. Ng6 Re8 31. Nxe7+ Rxe7 32. f3 Nf6 33. Bc5 Qc7 34. Ra7 Re8 35. Bxd6 Qxd6 36.
Rxb7 Qa3 37. Qb2 Qa5 38. Rb4 Kg7 39. Ra4 Qb6 40. Nc5 Rb8 41. Qa3 Bc8 42. Ra7+ Kg6 43. h3 dxc4 44. bxc4 Qb1+ 45. Bf1 Qe1 46. Nd3 Qxe3+ 47.
Kg2 Rb1 48. Ne5+ Qxe5 49. dxe5 1-0

[Event "*** SCC Grand Prix: Titled Tuesday Blitz"]
[Site "Chess.com"]
[Date "2020.07.14"]
[Round "9"]
[White "Jaka_Brilej"]
[Black "natelleka"]
[Result "1-0"]
[WhiteElo "2335"]
[BlackElo "2136"]
[TimeControl "180+1"]
[EndTime "11:47:40 PDT"]
[Termination "Jaka_Brilej won on time"]

1. e4 e5 2. Nf3 Nf6 3. d4 Nxe4 4. Bd3 Nc6 5. Bxe4 d5 6. dxe5 dxe4 7. Qxd8+ Kxd8 8. Ng5 Nxe5 9. Bf4 f6 10. Bxe5 fxg5 11. Nc3 Bf5 12. O-O-O+ Kc8 13. Rhe1 Bc5 14. Bd4 Bxd4 15.
Rxd4 Re8 16. Rd5 g6 17. Re3 c6 18. Rd4 Kc7 19. Nxe4 Bxe4 20. Rdxe4 Rxe4 21. Rxe4 Kd6 22. Rg4 Rf8 23. f3 h6 24. h4 Rf5 25. hxg5 hxg5 26.
Kd2 Ke5 27. Ke3 Kf6 28. c4 Ra5 29. a3 Re5+ 30. Kd3 Re1 31. Re4 Rb1 32. Re2 Rd1+ 33. Kc3 Rg1 34. Kd4 Rd1+ 35. Kc5 Rc1 36. a4 Kf5 37. b4 Kf4 38. b5 cxb5 39. axb5 g4 40. fxg4 Kxg4 41. Kd5 Kf4 42. c5 g5 43. c6 bxc6+ 44.
bxc6 g4 45. Kd6 a5 46. c7 a4 47. Rd2 a3 48. Kd7 a2 49. Rxa2 Rd1+ 50. Kc8 Rc1 51. Ra4+ Kg3 52. Rb4 Kh4 53. Kb7 1-0

[Event "*** SCC Grand Prix: Titled Tuesday Blitz"]
[Site "Chess.com"]
[Date "2020.07.14"]
[Round "9"]
[White "quesfr"]
[Black "PattyCastillo"]
[Result "1-0"]
[WhiteElo "2214"]
[BlackElo "1952"]
[TimeControl "180+1"]
[EndTime "11:47:40 PDT"]
[Termination "quesfr won by resignation"]

1. e4 c5 2. Nf3 d6 3. d4 cxd4 4. Nxd4 Nf6 5. Nc3 a6 6. Nb3 e5 7. Bg5 Be7 8. Bxf6 Bxf6 9. Qd3 Be6 10. O-O-O Be7 11. g3 O-O 12. f4 Nc6 13. Kb1 Rc8 14. f5 Nb4 15. Qd2 Bg5 16. Qxd6 Qxd6 17. Rxd6 Bxb3 18. cxb3 Rfd8 19. Rxd8+ Rxd8 20. a3 Nd3 21. Nd5 Nf2 22. Rg1 Nxe4 23. Nb4 Be3 24. Rg2 Nd2+ 25.
Kc2 Nxf1 26. Nd3 Bd4 27. Re2 Ne3+ 28. Kd2 Nxf5 29. b4 f6 30. g4 Nh4 31. Kc2 Nf3 32.
Kb1 Rc8 33. Ka2 b6 34. h3 Kf7 35. Re4 Nd2 36. Re2 Nc4 37. Rc2 b5 38. h4 Nd6 39.
Re2 Rc4 40. g5 Nf5 41. gxf6 gxf6 42. h5 Ke6 43. Rg2 Ne3 44. Re2 Rc2 45. Re1 Rxb2+ 46.
Nxb2 Bxb2 47. Kxb2 Nc4+ 48. Kb3 Kd5 49. Rg1 e4 50.
Rg7 f5 51. Rxh7 e3 52. Re7 Kd4 53. h6 f4 54. h7 Nd2+ 55. Kc2 Ne4 56. h8=Q+ 1-0

[Event "*** SCC Grand Prix: Titled Tuesday Blitz"]
[Site "Chess.com"]
[Date "2020.07.14"]
[Round "9"]
[White "AlexOstrovskiy"]
[Black "zajka-molotok"]
[Result "0-1"]
[WhiteElo "2597"]
[BlackElo "2432"]
[TimeControl "180+1"]
[EndTime "11:47:41 PDT"]
[Termination "zajka-molotok won by resignation"]

1. d4 d5 2. Bf4 Nf6 3. e3 e6 4.
Nd2 Bd6 5. Bg3 O-O 6. Bd3 c5 7. c3 Qc7 8. Rc1 e5 9. dxe5 Bxe5 10. Ngf3 Bxg3 11. hxg3 h6 12. c4 d4 13. exd4 cxd4 14.
Nxd4 Qe5+ 15. Ne2 Qxb2 16. Qb3 Qe5 17. Nf3 Qe7 18. O-O Na6 19. Rfe1 Nc5 20. Qa3 b6 21. Nf4 Qc7 22. Nd5 Nxd5 23. cxd5 Bb7 24. Bc4 Qd6 25. Nd4 a6 26. Nf5 Qf6 27. g4 Rfe8 28.
Re3 Rxe3 29. Qxe3 Rd8 30. d6 Be4 31. Ng3 Bg6 32. Rd1 Rxd6 33. Rxd6 Qxd6 34. Qe8+ Qf8 35. Qc6 b5 36. Bd5 Kh8 37. Kh2 Qe7 38. Bf3 Qe5 39. Qa8+ Kh7 40. Kg1 Qd4 41. Kh2 Qxf2 42. Qc6 Qd4 43.
Nf5 Bxf5 44. gxf5 Qe5+ 45. Kg1 Qxf5 46. Qc7 Qg5 47. Kh2 f6 48. Kg1 Qe3+ 49. Kh2 Qe5+ 50. Kg1 Qxc7 0-1

[Event "*** SCC Grand Prix: Titled Tuesday Blitz"]
[Site "Chess.com"]
[Date "2020.07.14"]
[Round "9"]
[White "coalescenet"]
[Black "mirochka"]
[Result "1/2-1/2"]
[WhiteElo "2334"]
[BlackElo "2180"]
[TimeControl "180+1"]
[EndTime "11:47:42 PDT"]
[Termination "Game drawn - insufficient material"]

1. d4 Nf6 2. c4 e5 3. dxe5 Ng4 4.
Bf4 Nc6 5. Nf3 Bb4+ 6. Nbd2 Qe7 7. e3 Ncxe5 8. Be2 O-O 9. a3 Bxd2+ 10. Qxd2 d6 11. h3 Nxf3+ 12. Bxf3 Ne5 13. Bxe5 dxe5 14. O-O-O c6 15. Qd6 Qg5 16. h4 Qf5 17. e4 Qf4+ 18. Kb1 Be6 19. c5 Rac8 20. Qe7 Rb8 21. Rd3 a5 22. g3 Qf6 23. Qxf6 gxf6 24. g4 Rfd8 25. Rhd1 Rxd3 26. Rxd3 b6 27. cxb6 Rxb6 28. Rd6 Kf8 29.
Bd1 Ke7 30. Rd3 c5 31. Rc3 c4 32. f3 Rd6 33. Kc2 Rd8 34. Be2 Rc8 35. Re3 h5 36. Kc3 Rh8 37. Bxc4 hxg4 38. fxg4 Rxh4 39. Bxe6 Kxe6 40.
Rg3 Rh1 41. Kc4 Rd1 42. Kb5 Rd4 43. Kxa5 Rxe4 44. b4 f5 45. gxf5+ Kxf5 46. b5 Re1 47. b6 Rb1 48. Ka6 Kf4 49. Rg7 f5 50. b7 e4 51. Rg6 Ra1 52. Kb6 Rxa3 53. Kc7 Ra7 54. Kb6 Rxb7+ 55. Kxb7 Ke3 56. Kc6 f4 57. Kd5 f3 58.
Rg4 f2 59. Rxe4+ Kf3 60. Re8 f1=Q 61. Rf8+ Kg2 62. Rxf1 Kxf1 1/2-1/2

[Event "*** SCC Grand Prix: Titled Tuesday Blitz"]
[Site "Chess.com"]
[Date "2020.07.14"]
[Round "9"]
[White "Sjakkerntobi"]
[Black "chito89"]
[Result "1-0"]
[WhiteElo "2423"]
[BlackElo "2789"]
[TimeControl "180+1"]
[EndTime "11:47:43 PDT"]
[Termination "Sjakkerntobi won by resignation"]

1. e4 Nc6 2. d4 e5 3. Nf3 exd4 4. Bc4 Nf6 5. e5 d5 6. Bb5 Ne4 7. Nxd4 Bd7 8. Bxc6 bxc6 9. O-O Be7 10. f3 Nc5 11. f4 f5 12. b4 Ne4 13. e6 Bc8 14. Nxc6 Qd6 15. Nxe7 Qb6+ 16. Kh1 Kxe7 17. Qf3 Ba6 18.
Be3 d4 19. Rd1 dxe3 20. Nc3 Rad8 21. Qh5 Nf2+ 22. Kg1 Qxe6 23. Qg5+ Qf6 24. Nd5+ Rxd5 25. Qxf6+ Kxf6 26. Rxd5 Re8 27. Re1 Re7 28. b5 Bb7 29.
Rc5 Ne4 30. Re5 Rxe5 31. fxe5+ Kxe5 32. Rxe3 Bd5 33. Ra3 Nd6 34. Rxa7 Nxb5 35. Ra5 c6 36. a4 Nc3 37. Rc5 Kd4 38. Ra5 f4 39. Ra7 g5 40.
a5 g4 41. a6 f3 42. gxf3 gxf3 43. Rf7 Ne4 44. Rxf3 Ng5 45. Rd3+ Kc5 46. Rxd5+ 1-0

[Event "*** SCC Grand Prix: Titled Tuesday Blitz"]
[Site "Chess.com"]
[Date "2020.07.14"]
[Round "9"]
[White "alexsergeyev"]
[Black "andrzej"]
[Result "1-0"]
[WhiteElo "2349"]
[BlackElo "2203"]
[TimeControl "180+1"]
[EndTime "11:47:44 PDT"]
[Termination "alexsergeyev won by checkmate"]

1. d4 Nf6 2. c4 e6 3. Nf3 b6 4. g3 Bb7 5. Bg2 c5 6. O-O cxd4 7. Qxd4 Nc6 8. Qf4 Ne7 9. Nc3 Ng6 10. Qd2 Rc8 11. b3 d5 12. Rd1 dxc4 13. Qxd8+ Rxd8 14. Rxd8+ Kxd8 15. bxc4 Bc5 16. Na4 Bd6 17. Bb2 Ke7 18.
Nd4 Bxg2 19. Kxg2 Rc8 20. Rc1 Ne5 21. Nb5 Rxc4 22. Rxc4 Nxc4 23. Nxa7 Nd5 24. Bxg7 f6 25. Bh6 Nb4 26. Nc8+ Kd7 27. Ncxb6+ Nxb6 28. Nxb6+ Kc6 29. Nc4 Nxa2 30. Nxd6 Kxd6 31. Bd2 Kd5 32. Kf3 Kc4 33. Ke4 Kb3 34. g4 Kc2 35. Ke3 Kd1 36. f4 Kc2 37. h4 h6 38. g5 fxg5 39. fxg5 hxg5 40. hxg5 e5 41. g6 Nc3 42. Bxc3 Kxc3 43. g7 e4 44. Kxe4 Kc2 45. g8=Q Kd1 46. Qa2 Ke1 47. Kf3 Kd1 48. e4 Kc1 49. Ke3 Kd1 50. Qb1# 1-0

[Event "*** SCC Grand Prix: Titled Tuesday Blitz"]
[Site "Chess.com"]
[Date "2020.07.14"]
[Round "9"]
[White "Kolle05"]
[Black "JoliyRoger"]
[Result "0-1"]
[WhiteElo "2366"]
[BlackElo "2289"]
[TimeControl "180+1"]
[EndTime "11:47:45 PDT"]
[Termination "JoliyRoger won on time"]

1. e4 c6 2. Nf3 d5 3. Nc3 Nf6 4. e5 Ne4 5. Ne2 e6 6. d3 Nc5 7. d4 Ncd7 8. Ng3 b6 9. Bd3 Ba6 10. O-O c5 11. c3 Be7 12. Nh5 O-O 13. Ne1 cxd4 14. cxd4 Bxd3 15. Nxd3 Nc6 16. Be3 g6 17. Ng3 Rc8 18. f4 Re8 19. Ne2 f5 20. exf6 Nxf6 21.
Nc3 Nb4 22. Ne5 Bd6 23. Rc1 a6 24. a3 Nc6 25. Qd3 b5 26. Rf3 Ne7 27. h3 b4 28.
axb4 Bxb4 29. Qxa6 Nf5 30. g4 Bxc3 31. Rxc3 Rxc3 32. bxc3 Nd6 33. Bc1 Nfe4 34. Ba3 Nf7 35. Qb7 Nxe5 36. fxe5 Ng5 37. Rf6 Qc8 38. Qxc8 Rxc8 39.
Bb4 Re8 40. h4 Ne4 41. Rf1 Nd2 42. Rd1 Nc4 0-1

[Event "*** SCC Grand Prix: Titled Tuesday Blitz"]
[Site "Chess.com"]
[Date "2020.07.14"]
[Round "9"]
[White "SamuelGhimpu2003"]
[Black "Brave_spirit12"]
[Result "0-1"]
[WhiteElo "2588"]
[BlackElo "2511"]
[TimeControl "180+1"]
[EndTime "11:47:46 PDT"]
[Termination "Brave_spirit12 won on time"]

1. d4 f5 2. Nc3 Nf6 3. Bg5 g6 4. e3 Bg7 5. h4 h6 6. Bf4 d6 7.
Nf3 Be6 8. Bd3 Bf7 9. Qe2 Nc6 10. O-O-O Qd7 11. e4 fxe4 12. Nxe4 Nd5 13. Bd2 O-O-O 14. a3 e5 15. c4 Nb6 16. d5 Ne7 17. Kb1 c6 18.
dxc6 Qxc6 19. Bc3 Kb8 20. c5 Na4 21. Bb5 Nxc3+ 22. bxc3 Qc8 23. Nxd6 Rxd6 24. cxd6 Nd5 25. Rxd5 Bxd5 26. c4 Qf5+ 27. Ka2 Be6 28. Re1 Rd8 29.
Qd2 e4 30. Nd4 Bxd4 31. Qxd4 Qxb5 32. Rxe4 Bg8 33. Re5 Qxc4+ 34. Qxc4 Bxc4+ 35. Kb2 Rxd6 36. Kc3 Bf7 37. Re7 Rf6 38. f3 Bd5 39. Kd4 Bc6 40. Rh7 h5 41. Rg7 a6 42. Ke5 Rf5+ 43. Ke6 Rf4 44.
Rxg6 Rxh4 45. Rg5 Rh1 46. f4 Rf1 47. Kd6 Rxf4 0-1

[Event "*** SCC Grand Prix: Titled Tuesday Blitz"]
[Site "Chess.com"]
[Date "2020.07.14"]
[Round "9"]
[White "MacDaddyMac"]
[Black "djano"]
[Result "0-1"]
[WhiteElo "2316"]
[BlackElo "2469"]
[TimeControl "180+1"]
[EndTime "11:47:47 PDT"]
[Termination "djano won on time"]

1. e4 e5 2. Nf3 Nc6 3. Bb5 a6 4. Ba4 Nf6 5. d3 d6 6. O-O g6 7.
h3 Bg7 8. Re1 O-O 9. c3 Bd7 10.
Nbd2 Qe8 11. Nf1 Nh5 12. d4 Nxd4 13. Bxd7 Nxf3+ 14. Qxf3 Qxd7 15. Be3 b5 16. Rad1 f5 17. exf5 Qxf5 18. Qd5+ Qf7 19. Qc6 Nf6 20. Rd2 Qd7 21. Qxd7 Nxd7 22. Red1 Nf6 23. Ng3 h5 24. f3 Kf7 25.
Bg5 Nh7 26. h4 Nxg5 27. hxg5 Ke6 28. Ne4 Rfd8 29. a3 Bf8 30. Nc5+ Kf5 31. Ne4 Be7 32. Rd5 Bxg5 33. a4 Be3+ 34. Kf1 Rdb8 35. Ke2 Bh6 36. b4 Ke6 37. a5 Bf8 38. R1d3 Be7 39. Rd1 Rh8 40.
Kf2 h4 41. Kg1 g5 42. Kh2 Rag8 43. R5d3 g4 44. R1d2 h3 45. gxh3 Rxh3+ 46. Kg2 Rh5 47. Kf2 Rh2+ 48. Ke3 Rxd2 49. Rxd2 g3 50. Rg2 Bh4 51. f4 Rg4 52. fxe5 Kxe5 0-1

[Event "*** SCC Grand Prix: Titled Tuesday Blitz"]
[Site "Chess.com"]
[Date "2020.07.14"]
[Round "9"]
[White "NotFischer"]
[Black "ElCoachRene"]
[Result "1/2-1/2"]
[WhiteElo "2134"]
[BlackElo "2183"]
[TimeControl "180+1"]
[EndTime "11:47:47 PDT"]
[Termination "Game drawn by repetition"]

1. e4 Nc6 2. d4 d5 3. e5 f6 4. Nf3 Bg4 5. Bb5 Qd7 6. c4 a6 7. cxd5 axb5 8. dxc6 bxc6 9. Nc3 fxe5 10. Nxe5 Bxd1 11. Nxd7 Kxd7 12. Kxd1 Nf6 13. Bf4 e6 14. a3 Bd6 15. Bg3 b4 16. Ne2 bxa3 17. bxa3 Rxa3 18.
Rxa3 Bxa3 19. f3 Rb8 20. Kc2 Rb2+ 21. Kd3 Nd5 22. Ra1 Nb4+ 23. Kc4 Rc2+ 24. Kb3 Rxe2 25. Rxa3 Nc2 26. Ra7 Nxd4+ 27. Kc4 Nb5 28. Ra8 Rxg2 29.
Rg8 Nd6+ 30. Kd3 Nf5 31. Rh8 Nxg3 32. hxg3 Rxg3 33. Rxh7 Rxf3+ 34. Ke4 Rf7 35. Ke5 Ke7 36. Rh8 Rf5+ 37. Ke4 Rd5 38. Rg8 Kf7 39. Rc8 Rd7 40. Ke5 Ke7 41. Rg8 Kf7 42. Rc8 g5 43. Rh8 Kg7 44.
Rh3 Rd5+ 45. Kxe6 Kg6 46. Rc3 Rd6+ 47. Ke5 g4 48. Kf4 Rd4+ 49. Kg3 Kg5 50. Rc5+ Rd5 51. Rxc6 Rd3+ 52. Kg2 Rd7 53. Rc5+ Kh4 54. Rc4 Rd2+ 55. Kg1 Rd7 56. Kg2 Rd2+ 57. Kg1 Kg3 58. Rc3+ Kh4 59. Rxc7 g3 60. Rh7+ Kg4 61. Rg7+ Kh3 62. Rh7+ Kg4 63. Rg7+ Kf3 64. Rf7+ Kg4 65. Rg7+ 1/2-1/2

[Event "*** SCC Grand Prix: Titled Tuesday Blitz"]
[Site "Chess.com"]
[Date "2020.07.14"]
[Round "9"]
[White "Alindsay211"]
[Black "Tashik"]
[Result "1-0"]
[WhiteElo "2313"]
[BlackElo "2388"]
[TimeControl "180+1"]
[EndTime "11:47:48 PDT"]
[Termination "Alindsay211 won on time"]

1. e4 e5 2. Nf3 Nc6 3. Bc4 Bc5 4. d4 Bxd4 5. Nxd4 Nxd4 6. Be3 Ne6 7. Nc3 Nf6 8. f3 d6 9. Qd2 a6 10. a4 Bd7 11. O-O O-O 12. Kh1 Nh5 13. Nd5 b5 14.
axb5 axb5 15. Bb3 Rxa1 16. Rxa1 Nc5 17. Qc3 Nxb3 18. Qxb3 c6 19. Nc3 Nf4 20. Bxf4 exf4 21. Qb4 c5 22. Qa5 Qxa5 23. Rxa5 b4 24. Nd5 Re8 25.
Nxf4 g5 26. Nd5 Kg7 27. Kg1 Kg6 28. Kf2 f5 29. exf5+ Bxf5 30. Ne3 Bd7 31. Ra6 Re6 32. c3 d5 33. Rxe6+ Bxe6 34. cxb4 cxb4 35. Nc2 b3 36. Nd4 Kf6 37. Ke3 Ke5 38. g3 Bf7 39.
f4+ gxf4+ 40. gxf4+ Kd6 41. Nxb3 Kc6 42. Nd4+ Kc5 43.
h4 Kc4 44. f5 h5 45. f6 Bg6 46. Ne6 Kb3 47. Kd4 Kxb2 48. Ng5 Kc2 49. Kxd5 Kd3 50. Ke5 Ke3 51. Ne6 Kf3 52. Nf4 1-0

[Event "*** SCC Grand Prix: Titled Tuesday Blitz"]
[Site "Chess.com"]
[Date "2020.07.14"]
[Round "9"]
[White "temus_galaktionov"]
[Black "szachuspl"]
[Result "1/2-1/2"]
[WhiteElo "2673"]
[BlackElo "2523"]
[TimeControl "180+1"]
[EndTime "11:47:49 PDT"]
[Termination "Game drawn by repetition"]

1. d4 Nf6 2. Nf3 g6 3. c4 Bg7 4.
Nc3 O-O 5. e4 d6 6. Be2 e5 7.
O-O Na6 8. Be3 Ng4 9. Bg5 Qe8 10. h3 exd4 11. Nxd4 Ne5 12. Qd2 Nc5 13. b4 Ne6 14.
Nxe6 fxe6 15. Rad1 Nc6 16. Nb5 Qf7 17. c5 a6 18. Na3 Nd4 19. Be3 e5 20. Bxd4 exd4 21. Bc4 Be6 22. Bxe6 Qxe6 23. Rfe1 a5 24. cxd6 Qxd6 25.
e5 Qxb4 26. Qd3 Rad8 27. Rb1 Qc3 28. Qxc3 dxc3 29. Rxb7 Rd2 30. Rxc7 Rfxf2 31. Rc8+ Bf8 32. e6 Rxg2+ 33. Kh1 Rge2 34. Rxe2 Rxe2 35. Rxc3 Rxe6 36. Nc4 Re2 37. Nxa5 Rxa2 38. Nc6 Kg7 39. Rd3 h5 40.
Nd4 Kh6 41. Ne6 Be7 42. Rd7 Bf6 43. Rd3 Re2 44. Nf4 Rf2 45. Ne6 Rf5 46. Kg2 Be5 47. Re3 h4 48. Re4 Bg3 49. Re2 g5 50. Nd4 Rf4 51. Nf3 Kh5 52. Re8 Ra4 53. Rh8+ Kg6 54.
Rg8+ Kf6 55. Nxg5 Ra2+ 56. Kf3 Ra3+ 57. Kg4 Ra4+ 58. Kf3 Ra3+ 59. Kg4 Ra4+ 60. Kf3 Ra3+ 1/2-1/2

[Event "*** SCC Grand Prix: Titled Tuesday Blitz"]
[Site "Chess.com"]
[Date "2020.07.14"]
[Round "9"]
[White "pavelalexandru07"]
[Black "GustavoJuarezF"]
[Result "0-1"]
[WhiteElo "2132"]
[BlackElo "2017"]
[TimeControl "180+1"]
[EndTime "11:47:49 PDT"]
[Termination "GustavoJuarezF won by resignation"]

1. e4 c5 2. Nf3 Nc6 3. d4 cxd4 4. Nxd4 Nf6 5. Nc3 e5 6. Ndb5 d6 7. Bg5 a6 8. Na3 b5 9. Bxf6 gxf6 10. Nd5 Bg7 11. c3 f5 12. Bd3 Be6 13. Nxb5 axb5 14. Bxb5 Rc8 15. Qa4 Bd7 16. exf5 O-O 17. O-O Nb8 18.
Bxd7 Nxd7 19. Rfd1 Nf6 20. Ne3 Qc7 21. g4 h6 22. h4 Qc6 23. Qb4 Rfd8 24. g5 hxg5 25. hxg5 Nh5 26. f6 Nxf6 27. gxf6 Bxf6 28. Qg4+ Kf8 29.
Nd5 Be7 30. Qh5 Ke8 31. Qh7 Qc4 32. Qg8+ Kd7 33. Nb6+ Ke6 34. Qxf7+ Kxf7 35. Nxc4 Rg8+ 36. Kf1 Rxc4 37. Rd3 Rh4 38. Ke2 Rg2 39. a4 Rhh2 40. Rf3+ Ke6 41. a5 Bh4 42. a6 Rxf2+ 43. Rxf2 Rxf2+ 44.
Kd3 Rf8 45. a7 Ra8 46. b4 Bf2 47. b5 Rxa7 48. Rf1 Bc5 49. Kc4 Rb7 50. Rh1 e4 51. Rh6+ Ke5 52. Rh5+ Kf4 53. Rh6 e3 54. Kd3 Rxb5 55.
Rf6+ Ke5 56. Rh6 Rb2 57. Rh5+ Kf4 58. Rh4+ Kg3 59. Rh8 Rd2+ 60. Kc4 e2 61. Rg8+ Kf2 62. Rf8+ Ke1 63. Rg8 Kd1 0-1

[Event "*** SCC Grand Prix: Titled Tuesday Blitz"]
[Site "Chess.com"]
[Date "2020.07.14"]
[Round "9"]
[White "HanSchut"]
[Black "rugbyclub"]
[Result "0-1"]
[WhiteElo "2294"]
[BlackElo "2121"]
[TimeControl "180+1"]
[EndTime "11:47:50 PDT"]
[Termination "rugbyclub won by resignation"]

1. e4 c5 2. Nf3 e6 3. c4 d6 4. d4 cxd4 5. Nxd4 Nf6 6. Nc3 b6 7.
Be3 Bb7 8. f3 a6 9. Qd2 Nbd7 10.
Rc1 Qc7 11. Be2 Be7 12. O-O O-O 13. Rfd1 Rfe8 14. Bf1 Rac8 15. Qf2 Bf8 16. Kh1 Qb8 17. b4 d5 18. cxd5 exd5 19. exd5 Bxb4 20. Ne4 Rxc1 21. Rxc1 Nxd5 22. Nf5 Nxe3 23. Qxe3 Bxe4 24. fxe4 Bf8 25. Bc4 Qe5 26. Qg5 Kh8 27. Bxf7 Rb8 28. Bd5 Nf6 29. Qg3 Qxg3 30. Nxg3 Nxd5 31. exd5 Rd8 32.
Rd1 Bd6 33. Ne4 Kg8 34. g3 Be5 35. Kg2 Kf7 36. Kf3 Ke7 37. Nf2 Bf6 38. Ke4 Kd6 39.
Ng4 Re8+ 40. Kf3 Rc8 41. Ne3 Rc3 42. Ke4 Ra3 43. Nf5+ Kd7 44. Rd2 Ra4+ 45. Kf3 g6 46.
Ne3 Bg5 47. h4 Bh6 48. Re2 Ra3 49. Ke4 Bxe3 50. Rxe3 Rxe3+ 51. Kxe3 Kd6 52. Kd4 b5 53. a3 h5 54. Ke4 a5 55. Kd4 b4 56. axb4 axb4 57.
Kc4 b3 58. Kc3 Kxd5 0-1

[Event "*** SCC Grand Prix: Titled Tuesday Blitz"]
[Site "Chess.com"]
[Date "2020.07.14"]
[Round "9"]
[White "albano87"]
[Black "WashUntilHoles"]
[Result "0-1"]
[WhiteElo "2491"]
[BlackElo "2711"]
[TimeControl "180+1"]
[EndTime "11:47:51 PDT"]
[Termination "WashUntilHoles won by resignation"]

1. d4 Nf6 2. Nf3 g6 3. g3 Bg7 4. Bg2 O-O 5. O-O Ne4 6. c4 d6 7. Be3 e5 8. dxe5 dxe5 9. Qc2 f5 10. Rd1 Qe7 11. Nbd2 Nxd2 12. Rxd2 Nc6 13. Rad1 f4 14.
gxf4 exf4 15. Bd4 Nxd4 16. Nxd4 c6 17. b3 Bd7 18. Qe4 Qxe4 19. Bxe4 Rae8 20. f3 Bh3 21.
Nc2 Re5 22. Kh1 Rfe8 23. Ne1 Rg5 24. Rd8 Kf8 25. R8d3 Bf1 26. R1d2 Bh3 27. e3 fxe3 28. Rxe3 Be5 29. Ng2 Bc7 30. Rde2 Rd8 31. Rd3 Rxd3 32.
Bxd3 Re5 33. Re4 Rxe4 34. Bxe4 Ke7 35. f4 Kf6 36. b4 a5 37. b5 cxb5 38. cxb5 b6 39. Bc6 Be6 40. a4 Bb3 41. Ne3 Ke6 42.
Kg2 Bxf4 43. Kf3 Bxe3 44. Kxe3 Bxa4 45. Kd3 Kd6 46. Kd4 g5 47. Be8 h6 48. Ke4 Kc5 49. Kf5 Bxb5 50. Bf7 Bd3+ 51. Kf6 Bc4 52. Kg7 Bxf7 0-1

[Event "*** SCC Grand Prix: Titled Tuesday Blitz"]
[Site "Chess.com"]
[Date "2020.07.14"]
[Round "9"]
[White "Chuchofrio1"]
[Black "Parkas"]
[Result "0-1"]
[WhiteElo "2177"]
[BlackElo "2343"]
[TimeControl "180+1"]
[EndTime "11:47:51 PDT"]
[Termination "Parkas won by resignation"]

1. d4 g6 2. c4 Bg7 3. e4 d6 4. h3 e5 5. d5 a5 6. Nc3 Na6 7. Be3 Ne7 8. Qd2 f5 9. f3 Nc5 10. Bd3 O-O 11. Nge2 f4 12. Bxc5 dxc5 13. O-O-O Bd7 14.
Kb1 Nc8 15. Bc2 Nd6 16. Qd3 a4 17. a3 Qb8 18. Ka1 b5 19. Nxb5 Bxb5 20. cxb5 c4 21. Qd2 Nxb5 22. Qb4 Rf6 23. Qxc4 Rb6 24. d6+ Kh8 25. d7 Nd6 26. Qc3 Qd8 27. Nc1 Qxd7 28. Na2 Qf7 29. Nb4 Nb5 30. Qc5 Nd4 31. Rd2 Rb5 32. Qc3 Rab8 33. Rxd4 exd4 34. Qc6 Bf8 35. Bd3 R5b6 36. Qc2 Bxb4 37. axb4 Rxb4 38. Rb1 Qb3 39. Qxb3 axb3 40. Rc1 Ra4+ 41. Kb1 Rba8 42. Ba6 R4xa6 0-1